 Dungeon Crawl Stone Soup version 0.30-a0-591-g3c58d2bc28 (webtiles) character file.

Game seed: 13491797761412975194

501 Oxelix the Covert (level 6, -2/30 HPs)
             Began as a Spriggan Brigand on Jan 5, 2023.
             Slain by a white imp (4 damage)
             ... on level 5 of the Dungeon.
             The game lasted 00:09:21 (3598 turns).

Oxelix the Covert (Spriggan Brigand)                Turns: 3598, Time: 00:09:22

Health: -2/30      AC:  3    Str:  7    XL:     6   Next: 95%
Magic:  7/7        EV: 17    Int: 12    God:
Gold:   330        SH:  0    Dex: 25    Spells: 5/5 levels left

rFire   . . .      SeeInvis +    y - +1 dagger (vamp)
rCold   . . .      Faith    +    (no shield)
rNeg    . . .      Spirit   .    b - +0 robe
rPois   .          Reflect  .    (helmet restricted)
rElec   .          Harm     .    c - +0 cloak
rCorr   .          Rampage  .    (gloves unavailable)
Will    +....                    (boots unavailable)
Stlth   +++++                    A - amulet of faith
HPRegen 0.25/turn                w - +6 ring of dexterity
MPRegen 0.10/turn                (no ring)

@: very quick
A: very small, no large weapons, unfitting armour, see invisible, speed 3
a: no special abilities


You were on level 5 of the Dungeon.
You visited 1 branch of the dungeon, and saw 5 of its levels.
You also visited: Sewer.

You collected 365 gold pieces.
You spent 35 gold pieces at shops.

Inventory:

Hand Weapons
 a - a +2 dagger
 y - a +1 vampiric dagger (weapon)
Missiles
 d - 10 poisoned darts (quivered)
 e - 4 atropa-tipped darts
 o - 2 curare-tipped darts
 s - 2 throwing nets
Armour
 b - a +0 robe (worn)
 c - a +0 cloak (worn)
 h - a +0 robe
 n - a +0 robe
 D - a +0 robe
Jewellery
 w - a +6 ring of dexterity (left hand)
 A - an amulet of faith (around neck)
Wands
 u - a wand of acid (2)
 C - a wand of mindburst (18)
Scrolls
 i - a scroll of immolation {unknown}
 j - 4 scrolls of teleportation {unknown}
 q - 2 scrolls of fear {unknown}
 t - a scroll of identify {unknown}
 x - a scroll of amnesia {unknown}
 B - a scroll of noise {unknown}
Potions
 f - 2 potions of flight {unknown}
 g - 2 potions of attraction {unknown}
 k - 3 potions of magic {unknown}
 l - a potion of brilliance {unknown}
 m - 2 potions of curing {unknown}
 p - a potion of mutation {unknown}
 r - a potion of degeneration {unknown}
 v - 3 potions of might {unknown}
 z - 2 potions of haste {unknown}


   Skills:
 - Level 1.5 Fighting
 + Level 5.0 Short Blades
 - Level 2.0 Throwing
 - Level 1.3 Dodging
 * Level 11.0 Stealth


You had 5 spell levels left.
You didn't know any spells.
Your spell library contained the following spells:

 Spells                   Type           Power      Damage    Failure   Level
 Apportation              Tloc           0%         N/A       32%         1
 Kiss of Death            Conj/Necr      0%         2d5       32%         1
 Necrotise                Necr           0%         1d4       32%         1
 Summon Small Mammal      Summ           0%         N/A       32%         1
 Confusing Touch          Hex            0%         N/A       69%         3
 Dispel Undead            Necr           0%         3d6       97%         4


Dungeon Overview and Level Annotations

Branches:
Dungeon (5/15)              Sewer (visited)
 Temple: D:4-7

Altars:

Shops:
D:2 [   D:4 *


Innate Abilities, Weirdness & Mutations

You are very small and have problems with some larger weapons.
You are too small for most types of armour.
You have supernaturally acute eyesight. (SInv)
You cover ground extremely quickly. (Speed+++)


Message History

The puff of frost hits you!
You hit the white imp.
The white imp is severely wounded.
The white imp misses you.
You barely miss the white imp.
The white imp is severely wounded.
The white imp completely misses you.
You hit the white imp but do no damage.
The white imp is severely wounded.
You hit the white imp.
The white imp is almost dead.
The white imp gestures at you. The puff of frost misses you.
You closely miss the white imp.
The white imp is almost dead.
The white imp gestures at you. The puff of frost hits you!
* * * LOW HITPOINT WARNING * * *
You hit the white imp but do no damage.
The white imp is almost dead.
The white imp closely misses you.
Throw: 11 darts (poison)
Press: ? - help, Q - select action, (/) - cycle Shift-Dir - straight line, f - white imp
Aim: a white imp (almost dead, 65% to hit)
You throw a poisoned dart. The poisoned dart hits the white imp.
The white imp is almost dead.
The white imp gestures at you. The puff of frost misses you.
Unknown command.
You hit the white imp but do no damage.
The white imp is almost dead.
You hit the white imp but do no damage.
The white imp is almost dead.
The white imp misses you.
You closely miss the white imp.
The white imp is almost dead.
The white imp hits you.
* * * LOW HITPOINT WARNING * * *
The white imp freezes you.
You die...

#......# #.#### #.#
#. #####.###.#. #.#
#. #.# #.# #.# #.
#.# #.# #.# #. #.#
#.# ... #. #.# #.#
#.# #. #.# #.# .
... #.
######.###.###....
#.
...........@5......
#.
h#####.............
#. #..###..######
#. #..# ...... #.
#..# ..#### #.
#......# #.
##....## #.#.# #.
..### #.#.# #.
#.#.# #.


You could see a white imp.

Vanquished Creatures
  Sigmund (D:2)
  A water moccasin (Sewer)
  A scorpion (D:4)
  A hound (D:5)
  Ijyb (D:4)
  Robin (D:4)
  2 adders
  A shadow imp (D:5)
  A worm (D:4)
  4 dart slugs
  5 orcs
  8 endoplasms
  2 giant cockroaches
  12 goblins
  4 hobgoblins
  4 jackals (D:1)
  3 quokkas
  7 ball pythons
  7 bats
  2 frilled lizards
  9 kobolds
  5 rats
82 creatures vanquished.

Notes
Turn   | Place    | Note
-------+----------+-------------------------------------------
     0 | D:1      | Oxelix the Spriggan Brigand began the quest for the Orb.
     0 | D:1      | Reached XP level 1. HP: 10/10 MP: 2/2
    83 | D:1      | Reached skill level 6 in Stealth
   121 | D:1      | Reached XP level 2. HP: 14/14 MP: 3/3
   533 | D:1      | Reached skill level 7 in Stealth
   555 | D:1      | Reached XP level 3. HP: 14/18 MP: 4/4
   806 | D:2      | Noticed Sigmund
  1142 | D:2      | Found Ricsoqum's Antique Armour Emporium.
  1158 | D:2      | Bought a robe for 11 gold pieces
  1288 | D:2      | Killed Sigmund
  1289 | D:2      | Reached skill level 9 in Stealth
  1289 | D:2      | Reached XP level 4. HP: 13/22 MP: 5/5
  1289 | D:2      | Reached XP level 5. HP: 15/25 MP: 6/6
  2285 | D:4      | Noticed Ijyb
  2293 | D:4      | Killed Ijyb
  2294 | D:4      | Reached XP level 6. HP: 27/29 MP: 7/7
  2310 | D:4      | Found a glowing drain.
  2410 | D:4      | Noticed Robin
  2541 | D:4      | Killed Robin
  2647 | D:4      | Reached skill level 10 in Stealth
  2654 | Sewer    | Entered a sewer
  2697 | Sewer    | Noticed a water moccasin
  2746 | Sewer    | Killed a water moccasin
  3064 | D:4      | Found Xiamma's Specific Store.
  3066 | D:4      | Found Ukoirewn's General Store.
  3070 | D:4      | Bought 6 poisoned darts for 24 gold pieces
  3134 | D:5      | Entered Level 5 of the Dungeon
  3452 | D:5      | Reached skill level 5 in Short Blades
  3452 | D:5      | Reached skill level 11 in Stealth
  3598 | D:5      | Slain by a white imp

Illustrated notes

Levels and vault maps discovered:
D:1:      dpeg_arrival_leaves_temple_mockup, layout_loops_ring, minivault_14,
          minmay_vboxes
D:2:      layout_basic, serial_shops, nicolae_shop_statue_plus, uniq_sigmund
D:3:      layout_basic
D:4:      layout_cave_pools, cheibrodos_sewer_entry_drain,
          nicolae_specific_store, uniq_ijyb, uniq_robin
D:5:      layout_basic, minmay_temple_entry_waves

Skill      XL: |  1  2  3  4  5  6 |
---------------+-------------------+-----
Stealth        | 6 7 9 11 | 11.0
Short Blades   | 4 5 |  5.0
Fighting       | |  1.5
Throwing       | |  2.0
Dodging        | |  1.3

Action                   |  1- 3 |  4- 6 || total
-------------------------+-------+-------++-------
Melee: Dagger            |    68 |   215 ||   283
       Punch             |     2 |     4 ||     6
Throw: Dart              |    10 |    16 ||    26
  Use: Potion            |       |     1 ||     1
 Stab: Sleeping          |    12 |    15 ||    27
       Invisible         |       |     1 ||     1
       Distracted        |       |     1 ||     1
Armor: Robe              |    11 |    22 ||    33
Dodge: Dodged            |    52 |   138 ||   190

Table legend: (Time is in decaauts)
 A = Elapsed time spent in this place.
 B = Non-inter-level travel time spent in this place.
 C = Inter-level travel time spent in this place.
 D = Time resting spent in this place.
 E = Time spent auto-exploring this place.
 F = Levels seen in this place.
 G = Mean time per level.
                   A        B        C        D        E       F      G
               +--------+--------+--------+--------+--------+-----+--------+
         Total |   2529 |   2488 |     41 |    441 |   1259 |   6 |  421.5 |
       Dungeon |   2314 |   2273 |     41 |    330 |   1253 |   5 |  462.8 |
         Sewer |    214 |    214 |      0 |    111 |      6 |   1 |  214.0 |
               +--------+--------+--------+--------+--------+-----+--------+

Top non-repeatable levels by time:
     D:3: 579 daAuts
     D:4: 518 daAuts
     D:1: 489 daAuts
     D:2: 472 daAuts
     D:5: 255 daAuts
   Sewer: 214 daAuts
